 Dungeon Crawl Stone Soup version 0.30.1-4-g462c640d31 (webtiles) character file.

Game seed: 1019186180064985746

46 Zeor the Gusty (level 3, -1/14 HPs)
             Began as a Felid Air Elementalist on Aug 31, 2023.
             Slain by a hobgoblin
             ... wielding a +4 war axe
              (7 damage)
             ... on level 2 of the Dungeon.
             The game lasted 00:04:28 (1725 turns).

Zeor the Gusty (Felid Air Elementalist)             Turns: 1725, Time: 00:04:28

Health: -1/14      AC:  5    Str:  4    XL:     3   Next: 46%
Magic:  1/7        EV: 17    Int: 18    God:
Gold:   39         SH:  0    Dex: 16    Spells: 1/7 levels left
                                        Lives:  0   Deaths: 0

rFire   . . .        (weapon unavailable)
rCold   . . .        (shield unavailable)
rNeg    . . .        (body armour unavailable)
rPois   .            (helmet unavailable)
rElec   .            (cloak unavailable)
rCorr   .            (gloves unavailable)
SInv    +            (boots unavailable)
Will    .....        (no amulet)
Stlth   ++           f - +4 ring of protection
HPRegen 0.22/turn    (no ring)
MPRegen 0.10/turn

%: no passive effects
@: quick
A: very small, claws 1, fangs 3, see invisible, speed 1, shaggy fur 1, stealthy
paws, no weapons or thrown items, no armour, multi-lived
a: no special abilities


You were on level 2 of the Dungeon.
You visited 1 branch of the dungeon, and saw 2 of its levels.

You collected 39 gold pieces.

Inventory:

Jewellery
 d - a ring of flight
 f - a +4 ring of protection (left paw)
Scrolls
 c - a scroll of fear
 g - a scroll of amnesia
Potions
 a - a potion of magic
 b - a potion of attraction {unknown}
 e - 2 potions of flight
 h - a potion of lignification {unknown}


   Skills:
 + Level 3.1 Dodging
 + Level 2.6 Stealth
 + Level 0.2 Unarmed Combat
 + Level 2.5 Spellcasting
 + Level 1.6 Conjurations
 + Level 3.2 Air Magic


You had one spell level left.
You knew the following spells:

 Your Spells              Type           Power      Damage    Failure   Level
d - Static Discharge      Conj/Air       20%        2-3/arc   10%         2
f - Swiftness             Air            13%        N/A       14%         3
z - Shock                 Conj/Air       40%        1d5       6%          1

Your spell library contained the following spells:

 Spells                   Type           Power      Damage    Failure   Level
 Airstrike                Air            6%         2d(1-17)  41%         4


Dungeon Overview and Level Annotations

Branches:
Dungeon (2/15)

Altars:


Innate Abilities, Weirdness & Mutations

You have sharp claws.
You have razor-sharp teeth.
You have supernaturally acute eyesight. (SInv)
You cover ground quickly. (Speed+)
You are covered in fur. (AC +1)
Your paws help you pounce on unaware monsters.
You are incapable of wielding weapons or throwing items.
You cannot wear armour.
You gain extra lives every three experience levels.


Message History

Press: ? - help, Shift-Dir - straight line, f/p - hobgoblin
Aim: a hobgoblin, wielding a +4 war axe and wearing a +0 chain mail (heavily wounded, 77% to hit)
The zap misses the hobgoblin.
You barely miss the hobgoblin.
The hobgoblin is heavily wounded.
The hobgoblin barely misses you.
Casting: Shock (safe; 6% risk of failure)
Confirm with . or Enter, or press ? or * to list all spells.
Aiming: Shock (safe; 6% risk of failure)
Press: ? - help, Shift-Dir - straight line, f/p - hobgoblin
Aim: a hobgoblin, wielding a +4 war axe and wearing a +0 chain mail (moderately wounded, 77% to hit)
The zap misses the hobgoblin.
Casting: Shock (safe; 6% risk of failure)
Confirm with . or Enter, or press ? or * to list all spells.
Aiming: Shock (safe; 6% risk of failure)
Press: ? - help, Shift-Dir - straight line, f/p - hobgoblin
Aim: a hobgoblin, wielding a +4 war axe and wearing a +0 chain mail (moderately wounded, 77% to hit)
The zap misses the hobgoblin.
You scratch the hobgoblin but do no damage.
The hobgoblin is moderately wounded.
The hobgoblin closely misses you.
You scratch the hobgoblin but do no damage.
You bite the hobgoblin, but do no damage.
The hobgoblin is moderately wounded.
The hobgoblin closely misses you.
You scratch the hobgoblin but do no damage.
The hobgoblin is moderately wounded.
The hobgoblin misses you.
You scratch the hobgoblin but do no damage.
The hobgoblin is moderately wounded.
The hobgoblin hits you with a +4 war axe!
Ouch! That really hurt!
You completely miss the hobgoblin.
The hobgoblin is moderately wounded.
The hobgoblin closely misses you.
You scratch the hobgoblin but do no damage.
The hobgoblin is moderately wounded.
The hobgoblin hits you with a +4 war axe!
Ouch! That really hurt!
You die...

▒∙∙∙▒
▒▒▒▒∙▒∙∙▒▒▒▒▒▒▒▒▒▒▒
▒∙∙∙▒▒▒†∙∙∙∙∙∙∙∙∙∙∙
▒∙∙∙∙▒∙∙∙∙∙∙∙∙∙∙∙∙∙
▒∙∙∙∙g∙∙∙∙∙▒∙∙▒▒∙∙∙
▒∙∙∙∙∙∙∙∙∙∙▒∙∙▒▒∙▒∙
▒∙∙▒▒∙∙∙▒▒▒▒∙∙▒▒∙▒∙
▒∙g▒▒∙∙∙▒▒▒▒∙∙▒▒∙▒∙
▒∙h▒▒∙∙∙∙∙∙∙∙[∙∙∙∙∙
▒∙∙▒▒▒▒▒∙▒▒▒▒∙▒▒∙∙∙
∙∙∙∙▒ ▒)▒ ▒∙▒▒∙∙∙
∙∙∙▒∙∙▒▒▒▒▒∙▒▒▒
▒∙∙∙
▒∙∙∙∙∙∙∙∙∙∙∙>∙∙∙▒
▒∙∙∙
▒▒∙∙∙▒▒▒▒▒▒▒▒∙∙∙▒
▒▒▒∙∙ ▒▒∙∙ ▒∙∙∙▒ ∙▒
▒∙∙ ∙ ▒∙∙∙▒∙▒▒▒∙∙∙
▒∙∙∙∙∙∙∙∙∙∙∙


You could see a hobgoblin.

Vanquished Creatures
  A gnoll (D:1)
  4 endoplasms
  2 giant cockroaches (D:2)
  3 goblins (D:1)
  2 hobgoblins (D:1)
  6 jackals (D:1)
  5 ball pythons
  2 bats
  2 frilled lizards (D:1)
  3 kobolds
  6 rats
36 creatures vanquished.

Notes
Turn   | Place    | Note
-------+----------+-------------------------------------------
     0 | D:1      | Zeor the Felid Air Elementalist began the quest for the
                  | Orb.
     0 | D:1      | Reached XP level 1. HP: 7/7 MP: 4/4
   277 | D:1      | Reached skill level 1 in Conjurations
   400 | D:1      | Reached XP level 2. HP: 11/11 MP: 4/6
   403 | D:1      | Learned a level 2 spell: Static Discharge
   857 | D:1      | Found a faded altar of an unknown god.
  1098 | D:1      | Reached XP level 3. HP: 14/14 MP: 1/7
  1160 | D:1      | Learned a level 3 spell: Swiftness
  1725 | D:2      | Slain by a hobgoblin

Illustrated notes

Levels and vault maps discovered:
D:1:      dpeg_arrival_renting, layout_basic,
          dreamdust_ecumenical_altar_angels_and_demons, minmay_misc_feat_tower,
          hangedman_abyss_or_decor_lesser_grid, minmay_ruptured
D:2:      layout_loops_ring, chequers_arboretum, solitary_fountain,
          minmay_split_cup_large

Skill      XL: |  1  2 |
---------------+-------+-----
Conjurations   | 1 |  1.6
Air Magic      | 3 |  3.2
Dodging        | 3 |  3.1
Stealth        | |  2.6
Unarmed Combat | |  0.2
Spellcasting   | |  2.5

Action                     || total
---------------------------++-------
  Melee: Unarmed           ||    22
         Bite              ||     1
   Cast: Shock             ||    69
         Static Discharge  ||     8
    Use: Scroll            ||     4
  Dodge: Dodged            ||    25
